 Dungeon Sprint DCSS version 0.17.0-18-gaab0e96 (webtiles) character file.

36 hexophile the Ruffian (level 3, -1/31 HPs)
             Began as a Ghoul Monk on Nov 11, 2015.
             Slain by a human (8 damage)
             ... in the Dungeon (Sprint III: "The Ten Rune Challenge").
             The game lasted 00:00:37 (140 turns).

hexophile the Ruffian (Ghoul Monk)                   Turns: 140, Time: 00:00:37

Health: -1/31      AC:  2    Str: 14    XL:     3   Next: 37%
Magic:  2/2        EV: 12    Int:  5    God:
Gold:   31         SH:  0    Dex: 12    Spells: 0 memorised, 2 levels left

rFire  . . .     SeeInvis .       - Unarmed
rCold  + . .     Clarity  .     a - +0 robe
rNeg   + + +     SustAt   .     (no shield)
rPois  ∞         Gourm    .     (no helmet)
rElec  .         Spirit   .     (no cloak)
rCorr  .         Warding  .     (no gloves)
rMut   .         NoTele   +     (no boots)
MR     .....                    (no amulet)
Stlth  +++.......               (no ring)
                                (no ring)

@: rotting, not resistant to hostile enchantments, fairly stealthy
A: rotting body, claws 1, carnivore 3, cold resistance 1, negative energy
resistance 3, slow regeneration 1, torment resistance, unbreathing
a: no special abilities


You were in the Dungeon.
You were not hungry.

You visited 1 branch You collected 31 gold pieces.


Innate Abilities, Weirdness & Mutations

Your body is rotting away.
You thrive on raw meat.
You are immune to poison.
You have sharp fingernails.
You are carnivorous and can eat meat at any time.
Your flesh is cold resistant.
You are immune to negative energy.
You regenerate slowly when monsters are visible.
You are immune to unholy pain and torment.
You can survive without breathing.

Inventory:

Armour
 a - a +0 robe (worn)
Scrolls
 h - a scroll of blinking
Potions
 c - a potion of curing
 d - a potion of heal wounds
 e - a potion of haste
 f - 2 potions of magic
 g - a potion of berserk rage
Comestibles
 b - a meat ration
 i - a chunk of flesh


You had 2 spell levels left.
You didn't know any spells.


   Skills:
 - Level 3.2 Fighting
 - Level 2.6 Dodging
 * Level 5.8 Stealth
 * Level 6.6 Unarmed Combat

Dungeon Overview and Level Annotations

Branches:
Dungeon (1/1)

Altars:

Vault maps used:
D:        dungeon_sprint_mu
You       could see a human.


Message History

The human hits you!
* * * LOW HITPOINT WARNING * * *
!MASSIVE DAMAGE!
YOU LOST 7 HP!
You have now: 8/30 HP.
You claw the human!
The human is moderately wounded.
The human hits you but does no damage.
You barely miss the human.
The human is moderately wounded.
The human hits you.
* * * LOW HITPOINT WARNING * * *
You lost 1 HP.
You have now: 7/30 HP.
Unknown command.
You closely miss the human.
The human is moderately wounded.
You barely miss the human.
The human is moderately wounded.
The human barely misses you.
You scratch the human.
The human is heavily wounded.
The human closely misses you.
You closely miss the human.
The human is heavily wounded.
The human hits you.
* * * LOW HITPOINT WARNING * * *
You lost 3 HP.
You have now: 4/30 HP.
Unknown command.
Drink which item? (? for menu, Esc to quit)
You feel better. The human hits you.
You got additional 1 HP.
Restored 9 HP.
You have now: 13/31 HP.
You scratch the human.
The human is heavily wounded.
The human hits you.
* * * LOW HITPOINT WARNING * * *
You lost 6 HP.
You have now: 7/31 HP.
You scratch the human but do no damage.
The human is heavily wounded.
The human closely misses you.
You barely miss the human.
The human is heavily wounded.
The human barely misses you.
You closely miss the human.
The human is heavily wounded.
You scratch the human.
The human is severely wounded.
The human closely misses you.
You closely miss the human.
The human is severely wounded.
The human hits you!
You die...

Action                   || total
-------------------------++-------
Melee: Unarmed           ||    31
  Use: Potion            ||     1
 Stab: Sleeping          ||     1

Notes
Turn   | Place    | Note
--------------------------------------------------------------
     0 | D        | hexophile the Ghoul Monk began the quest for the Orb.
     0 | D        | Reached XP level 1. HP: 19/19 MP: 0/0
     9 | D        | Reached skill level 3 in Stealth
     9 | D        | Reached skill level 5 in Unarmed Combat
    32 | D        | Killed a yaktaur
    78 | D        | Noticed Jessica
    82 | D        | Killed Jessica
    82 | D        | Reached skill level 5 in Stealth
    82 | D        | Reached skill level 6 in Unarmed Combat
    82 | D        | Reached XP level 2. HP: 23/25 MP: 1/1
    82 | D        | Reached XP level 3. HP: 27/30 MP: 2/2
   140 | D        | Slain by a human

Table legend:
 A = Turns spent in this place as a percentage of turns spent in the entire game.
 B = Non-inter-level travel turns spent in this place as a percentage of non-inter-level travel turns spent in the entire game.
 C = Inter-level travel turns spent in this place as a percentage of turns spent in this place.
 D = Turns resting spent in this place as a percentage of non-inter-level travel turns spent in this place.
 E = Turns spent auto-exploring this place as a percentage of non-inter-level travel turns spent in this place.
 F = Non-inter-level travel turns spent in this place divided by the number of levels of this place that you've seen.
                   A       B       C       D       E      F
               +-------+-------+-------+-------+-------+----------------------
         Total | 100.0 | 100.0 |   0.0 |   5.1 |   0.0 |  79.0
       Dungeon | 100.0 | 100.0 |   0.0 |   5.1 |   0.0 |  79.0
               +-------+-------+-------+-------+-------+----------------------

Table legend:
 A = Kills in this place as a percentage of kills in entire the game.
 B = Kills by you in this place as a percentage of kills by you in the entire game.
 C = Kills by friends in this place as a percentage of kills by friends in the entire game.
 D = Other kills in this place as a percentage of other kills in the entire game.
 E = Experience gained in this place as a percentage of experience gained in the entire game.
 F = Experience gained in this place divided by the number of levels of this place that you have seen.
                   A       B       C       D       E      F
               +-------+-------+-------+-------+-------+----------------------
         Total | 100.0 | 100.0 |  -nan |  -nan | 100.0 |  52.0
       Dungeon | 100.0 | 100.0 |  -nan |  -nan | 100.0 |  52.0
               +-------+-------+-------+-------+-------+----------------------

Vanquished Creatures
  Jessica (D)
  An ooze (D)
  A phantom (D)
  2 rats (D)
5 creatures vanquished.

Vanquished Creatures (others)
  A yaktaur (D)
1 creature vanquished.

Grand Total: 6 creatures vanquished
